 Dungeon Crawl Stone Soup version 0.29.0-5-ge4962eb29e (webtiles) character file.

Game seed: 15332691385748364093

5067 Strat the Cleaver (level 10, -3/74 HPs)
             Began as a Formicid Cinder Acolyte on Aug 30, 2022.
             Was a High Priest of Ignis.
             Killed from afar by an orc wizard (6 damage)
             ... with a magic dart
             ... on level 8 of the Dungeon.
             The game lasted 00:17:45 (9935 turns).

Strat the Cleaver (Formicid Cinder Acolyte)         Turns: 9935, Time: 00:17:46

Health: -3/74      AC:  7    Str: 21    XL:     10   Next: 86%
Magic:  11/11      EV: 10    Int: 14    God:    Ignis [*****.]
Gold:   505        SH:  5    Dex: 11    Spells: 9/11 levels left

rFire   + . .      SeeInvis +   b - +1 broad axe (flame)
rCold   + . .      Faith    .   (no shield)
rNeg    . . .      Spirit   .   d - +7 Kryia's mail coat {PotionHeal*2 rC+}
rPois   .          Reflect  +   (helmet unavailable)
rElec   .          Harm     .   (no cloak)
rCorr   .          Rampage  .   (no gloves)
Will    +....                   (no boots)
Stlth   ..........              u - amulet of reflection
HPRegen 0.22/turn               (no ring)
MPRegen 0.12/turn               (no ring)

@: corroded, studying Axes
A: permanent stasis, dig shafts and tunnels, antennae 3, four strong arms
a: Dig, Shaft Self, Renounce Religion, Fiery Armour, Foxfire Swarm, Rising Flame


You were on level 8 of the Dungeon.
You worshipped Ignis.
Ignis was extremely pleased with you.
You visited 1 branch of the dungeon, and saw 8 of its levels.

You collected 505 gold pieces.

Inventory:

Hand Weapons
 a - a +4 sling of freezing
 b - a +1 broad axe of flaming (weapon)
 e - a +2 hand axe of venom
 k - a -1 hand axe of flaming
Missiles
 g - 2 boomerangs
 l - 36 stones
 r - 19 poisoned darts
Armour
 d - the +7 Kryia's mail coat (worn) {PotionHeal*2 rC+}
   (You found it on level 5 of the Dungeon)

   Potions are twice as effective at healing its wearer.
   rC:        It protects you from cold.
 f - a +1 leather armour
 i - a +0 robe
 x - +0 swamp dragon scales
Jewellery
 u - an amulet of reflection (around neck)
Wands
 s - a wand of flame (8)
 t - a wand of paralysis (3)
Scrolls
 c - a scroll of identify
Potions
 h - a potion of mutation
 j - 2 potions of flight
 m - 3 potions of curing
 o - a potion of cancellation
 p - a potion of lignification
 q - a potion of invisibility
 v - a potion of degeneration
 w - a potion of magic


   Skills:
 - Level 5.0 Fighting
 + Level 13.9 Axes
 + Level 9.6 Armour
 - Level 1.1 Spellcasting
 - Level 3.0 Fire Magic


You had 9 spell levels left.
You knew the following spells:

 Your Spells              Type           Power      Damage    Failure   Level
a - Scorch                Fire           18%        2d6       26%         2

Your spell library contained the following spells:

 Spells                   Type           Power      Damage    Failure   Level
 Freeze                   Ice            0%         1d3       52%         1
 Ensorcelled Hibernation  Hex/Ice        0%         N/A       65%         2
 Passwall                 Tmut/Erth      0%         N/A       65%         2
 Frozen Ramparts          Ice            0%         1d1       87%         3
 Gell's Gravitas          Tloc           0%         N/A       87%         3
 Teleport Other           Tloc           0%         N/A       87%         3
 Hailstorm                Conj/Ice       0%         3d3       99%         4
 Alistair's Intoxication  Tmut/Pois      0%         N/A       100%        5
 Borgnjor's Vile Clutch   Necr/Erth      0%         N/A       100%        5
 Dispersal                Tloc           0%         N/A       100%        6
 Eringya's Noxious Bog    Tmut/Pois      0%         N/A       100%        6
 Swiftness                Air            Unusable   N/A       N/A         3

Dungeon Overview and Level Annotations

Branches:
Dungeon (8/15)             Temple (0/1) D:6
   Lair: D:8-11

Altars:
Fedhas
Hepliaklqana
Makhleb
Ru
Wu Jian
Zin

Shops:
D:5 *


Innate Abilities, Weirdness & Mutations

You cannot be hasted, slowed, berserked, paralysed or teleported.
You can dig through walls and to a lower floor.
You have a pair of large antennae on your head. (SInv)
Your four strong arms can wield two-handed weapons with a shield.


Message History

* * * LOW HITPOINT WARNING * * *
The acid corrodes you!
Unknown command.
You barely miss the acid dragon.
The acid dragon is almost dead.
You block the acid dragon's attack. The acid dragon closely misses you.
You hit the acid dragon but do no damage.
The acid dragon is almost dead.
You hit the acid dragon but do no damage.
The acid dragon is almost dead.
The acid dragon bites you!
* * * LOW HITPOINT WARNING * * *
The acid dragon barely misses you.
You closely miss the acid dragon.
The acid dragon is almost dead.
The acid dragon bites you but does no damage.
The acid dragon barely misses you.
You barely miss the acid dragon.
The acid dragon is almost dead.
The acid dragon bites you.
* * * LOW HITPOINT WARNING * * *
You block the acid dragon's attack.
You barely miss the acid dragon.
The acid dragon is almost dead.
The acid dragon bites you!
* * * LOW HITPOINT WARNING * * *
The acid dragon claws you but does no damage.
You slash the acid dragon! You burn the acid dragon.
You kill the acid dragon!
The acid dragon scales are intact enough to wear.
You miss the orc wizard.
The orc wizard hits you with a +0 dagger.
* * * LOW HITPOINT WARNING * * *
You barely miss the orc wizard. You block the orc wizard's attack.
You hit the orc wizard but do no damage.
The orc wizard closely misses you.
You closely miss the orc wizard. The orc wizard casts a spell at you.
The magic dart hits you.
You die...

#.# #.#
#.# #.#
###.#
#...#
#..)#
#.รท.#
###@# #o#
#.#######
#........
#........
#........
#........
..#....##
.......#


You could see an orc wizard (invisible).

Vanquished Creatures
  A manticore (D:7)
  Joseph (D:7)
  Maggie (D:7)
  4 yaks
  2 acid dragons
  An orc warrior (D:5)
  A black bear (D:5)
  2 ice beasts
  4 centaurs
  A phantom (D:7)
  Blork the orc (D:5)
  A necrophage (D:6)
  4 bullfrogs
  3 scorpions
  16 wights
  6 howler monkeys
  A gnoll bouda (D:5)
  4 hounds
  8 orc priests
  3 jellies
  Jessica (D:3)
  3 iguanas
  Natasha (thrice) (D:3)
  Terence (D:3)
  An orc wizard (D:5)
  8 gnolls
  7 adders
  2 shadow imps
  An ufetubus (D:5)
  3 worms
  4 dart slugs
  15 orcs
  7 bats
  3 endoplasms
  A giant cockroach (D:4)
  5 goblins
  2 hobgoblins
  6 jackals (D:3)
  4 kobolds
  A quokka (D:2)
  7 ball pythons
  3 frilled lizards
  6 rats
159 creatures vanquished.

Vanquished Creatures (others)
  2 plants (D:3)
2 creatures vanquished.

Grand Total: 161 creatures vanquished

Notes
Turn   | Place    | Note
-------+----------+-------------------------------------------
     0 | D:1      | Strat the Formicid Cinder Acolyte began the quest for the
                  | Orb.
     0 | D:1      | Reached XP level 1. HP: 18/18 MP: 2/2
   417 | D:1      | Reached XP level 2. HP: 20/24 MP: 3/3
  1099 | D:2      | Reached skill level 4 in Axes
  1099 | D:2      | Reached XP level 3. HP: 29/29 MP: 4/4
  1543 | D:2      | Found a faded altar of an unknown god.
  1976 | D:2      | Found an ornate altar of the Wu Jian Council.
  2028 | D:2      | Learned a level 2 spell: Scorch
  2030 | D:2      | Reached XP level 4. HP: 35/35 MP: 0/5
  2255 | D:3      | Noticed Jessica
  2264 | D:3      | Killed Jessica
  2265 | D:3      | Reached skill level 5 in Axes
  2393 | D:3      | Found a glowing silver altar of Zin.
  2393 | D:3      | Noticed an angel
  2394 | D:3      | Found a burning altar of Makhleb.
  2395 | D:3      | Noticed a blizzard demon
  2407 | D:3      | Noticed Terence
  2420 | D:3      | Killed Terence
  2421 | D:3      | Reached XP level 5. HP: 35/41 MP: 1/6
  2823 | D:3      | Noticed Natasha
  2831 | D:3      | Killed Natasha
  3085 | D:3      | Noticed Natasha
  3109 | D:3      | Killed Natasha
  3110 | D:3      | Reached skill level 6 in Axes
  3188 | D:3      | Reached XP level 6. HP: 39/47 MP: 0/7
  3290 | D:3      | Found a faded altar of an unknown god.
  3290 | D:3      | Noticed Natasha
  3306 | D:3      | Killed Natasha
  3396 | D:3      | Found a faded altar of an unknown god.
  3397 | D:3      | Found a faded altar of an unknown god.
  3397 | D:3      | Found a faded altar of an unknown god.
  3399 | D:3      | Found a hazy altar of Hepliaklqana.
  3963 | D:4      | Found a blossoming altar of Fedhas.
  4299 | D:4      | Reached skill level 7 in Axes
  4349 | D:4      | Reached XP level 7. HP: 47/52 MP: 3/8
  5295 | D:5      | Entered Level 5 of the Dungeon
  5342 | D:5      | Found Yleonaru's Overcharged Wands.
  5369 | D:5      | Reached skill level 8 in Axes
  5768 | D:5      | Found the +7 Kryia's mail coat {PotionHeal*2 rC+}
  6327 | D:5      | Reached skill level 1 in Armour
  6406 | D:5      | Noticed a yak
  6406 | D:5      | Noticed a yak
  6409 | D:5      | Noticed a yak
  6451 | D:5      | Noticed a yak
  6451 | D:5      | Noticed a yak
  6531 | D:6      | Reached XP level 8. HP: 55/60 MP: 6/9
  6590 | D:5      | Killed a yak
  6602 | D:5      | Killed a yak
  6603 | D:5      | Reached skill level 5 in Fighting
  6603 | D:5      | Reached skill level 9 in Axes
  6783 | D:4      | Killed a yak
  6855 | D:5      | Killed a yak
  6856 | D:5      | Reached XP level 9. HP: 33/68 MP: 10/10
  7123 | D:5      | Reached skill level 5 in Armour
  7237 | D:5      | Noticed Blork the orc
  7247 | D:5      | Killed Blork the orc
  7348 | D:5      | Reached skill level 10 in Axes
  7721 | D:6      | Identified a scroll of acquirement
  7721 | D:6      | Acquired a manual of Axes
  7772 | D:6      | Found a staircase to the Ecumenical Temple.
  8100 | D:6      | Found a sacrificial altar of Ru.
  8290 | D:7      | Reached skill level 11 in Axes
  8332 | D:7      | Noticed Joseph
  8347 | D:7      | Killed Joseph
  8348 | D:7      | Reached XP level 10. HP: 52/74 MP: 11/11
  8595 | D:7      | Reached skill level 12 in Axes
  8778 | D:7      | Noticed Maggie
  9026 | D:7      | Killed Maggie
  9027 | D:7      | Reached skill level 13 in Axes
  9142 | D:7      | Found an ornate altar of the Wu Jian Council.
  9369 | D:7      | Noticed a manticore
  9386 | D:7      | Killed a manticore
  9392 | D:7      | Noticed a boulder beetle
  9932 | D:8      | HP: 3/74 [orc wizard/+0 dagger (3)]
  9935 | D:8      | Killed from afar by an orc wizard

Illustrated notes

Levels and vault maps discovered:
D:1:      scummos_arrival_simple_fountains, layout_basic
D:2:      layout_loops_corners, ebering_ecumenical_altar_mist, basic_altar
D:3:      layout_basic, nicolae_hepliaklqana_ecumenical_no_more,
          grunt_temple_overflow_order_and_chaos_2, uniq_natasha, uniq_jessica,
          uniq_terence
D:4:      layout_cave_pods, pf_just_have_faith
D:5:      layout_loops_cross, nicolae_shop_overcharged_wands, uniq_blork_the_orc
D:6:      layout_cave_pools, nicolae_ru_the_path_less_chosen,
          minmay_temple_entry_glass
D:7:      minmay_blocky_corners, layout_basic, pdpol_wu_jian_five_deadly_venoms,
          uniq_maggie, uniq_joseph
D:8:      layout_basic, uniq_pikel

Skill      XL: |  1  2  3  4  5  6  7  8  9 10 |
---------------+-------------------------------+-----
Axes           | 4 5 6 7 8 9 11 13 | 13.9
Armour         | 1 4 7 9 |  9.6
Fighting       | 5 |  5.0
Spellcasting   | |  1.1
Fire Magic     | |  3.0

Action                   |  1- 3 |  4- 6 |  7- 9 | 10-12 || total
-------------------------+-------+-------+-------+-------++-------
Melee: Hand axe          |    85 |    46 |   156 |       ||   287
       Punch             |     1 |       |     5 |     1 ||     7
       Broad axe         |       |       |    48 |   139 ||   187
 Fire: Sling             |       |       |       |     1 ||     1
 Cast: Scorch            |     2 |    30 |    22 |       ||    54
Evoke: Wand              |       |       |     5 |       ||     5
  Use: Scroll            |       |     9 |     9 |     1 ||    19
       Potion            |       |       |     3 |     3 ||     6
Armor: Leather armour    |    32 |    17 |     4 |       ||    53
       Scale mail        |       |       |    63 |    56 ||   119
Dodge: Dodged            |    58 |    28 |    97 |    44 ||   227
Block: Other             |       |       |     2 |    28 ||    30
       Reflection        |       |       |     1 |     1 ||     2
